 Dungeon Crawl Stone Soup version 0.31.0-12-g77e489cdc1 (webtiles) character file.

Game seed: 15270830210240398424

99 PaiMei the Purveyor of Pain (level 4, -1/33 HPs)
             Began as a Demonspawn Necromancer on Mar 4, 2024.
             Was an Initiate of Kikubaaqudgha.
             Slain by Eustachio
             ... wielding a +0 falchion
              (9 damage)
             ... on level 4 of the Dungeon.
             The game lasted 00:04:00 (3910 turns).

PaiMei the Purveyor of Pain (DsNe)                  Turns: 3910, Time: 00:04:00

Health: -1/33      AC:  7    Str:  8    XL:     4   Next: 45%
Magic:  1/8        EV: 12    Int: 17    God:    Kikubaaqudgha [......]
Gold:   124        SH:  0    Dex: 14    Spells: 4/8 levels left

rFire   . . .        e - +2 whip (elec)
rCold   . . .        (no shield)
rNeg    . . .        a - +0 robe
rPois   .            l - +0 helmet
rElec   .            h - +1 cloak
rCorr   .            o - +1 pair of gloves
SInv    .            (no boots)
Will    .....        (no amulet)
Stlth   ++           (no ring)
HPRegen 0.25/turn    (no ring)
MPRegen 0.11/turn

%: no passive effects
@: no status effects
A: hooves 1, foul stench 1, weakness stinger 1
a: Renounce Religion


You were on level 4 of the Dungeon.
You worshipped Kikubaaqudgha.
Kikubaaqudgha was noncommittal.
You visited 2 branches of the dungeon, and saw 5 of its levels.

You collected 124 gold pieces.

Inventory:

Hand Weapons
 e - a +2 whip of electrocution (weapon)
 g - a +0 mace
 s - a +4 dagger
Missiles
 i - 10 poisoned darts (quivered)
Armour
 a - a +0 robe (worn)
 h - a +1 cloak (worn)
 l - a +0 helmet (worn)
 o - a +1 pair of gloves (worn)
Scrolls
 f - a scroll of poison {unknown}
 j - 2 scrolls of blinking {unknown}
 k - 6 scrolls of identify {unknown}
 m - a scroll of torment {unknown}
 n - a scroll of noise {unknown}
 p - a scroll of immolation {unknown}
 r - a scroll of enchant weapon {unknown}
 t - a scroll of fog {unknown}
Potions
 b - 2 potions of magic
 c - a potion of degeneration {unknown}
 d - a potion of lignification {unknown}
 q - a potion of might {unknown}
 u - a potion of heal wounds {unknown}


   Skills:
 + Level 1.6 Fighting
 + Level 2.5 Dodging
 - Level 2.0 Stealth
 + Level 2.8 Spellcasting
 + Level 5.0 Necromancy


You had 4 spell levels left.
You knew the following spells:

 Your Spells              Type           Power      Damage    Failure   Level
a - Necrotise             Necr           76%        1d7       2%          1
b - Vampiric Draining     Necr           19%        2d7       7%          3

Your spell library contained the following spells:

 Spells                   Type           Power      Damage    Failure   Level
 Apportation              Tloc           4%         N/A       19%         1
 Animate Dead             Necr           19%        N/A       22%         4
 Jinxbite                 Hex            4%         N/A       26%         2
 Curse of Agony           Necr           19%        N/A       54%         5
 Alistair's Intoxication  Alch           1%         N/A       99%         5


Dungeon Overview and Level Annotations

Branches:
Dungeon (4/15)             Temple (1/1) D:4

Altars:
Cheibriados
Fedhas
Gozag
Hepliaklqana
Kikubaaqudgha
Qazlal
Ru
Sif Muna
Trog
Vehumet
Wu Jian

Annotations:
D:3 1 runed translucent door, Urgle's ghost, amateur GnFi
D:4 Eustachio


Innate Abilities, Weirdness & Mutations

You have large cloven feet.
You may rarely emit foul miasma when damaged in melee.
You have a small tail.


Message History

Aiming: Necrotise (safe; 2% risk of failure)
Press: ? - help, Shift-Dir - straight line, f/p - Eustachio
Aim: Eustachio, wielding a +0 falchion and wearing a +0 leather armour (lightly wounded, chance to affect: 78%) Eustachio barely resists.
Eustachio mumbles some strange words.
You hit Eustachio. Your kick misses Eustachio.
Eustachio is lightly wounded.
Eustachio hits you with a +0 falchion. The crimson imp barely misses you.
You barely miss Eustachio.
Your tail-slap misses Eustachio.
Eustachio is lightly wounded.
Eustachio hits you with a +0 falchion. The iron imp misses you.
The crimson imp closely misses you. The shadow imp gestures at you.
Pain shoots through your body!
Casting: Necrotise (safe; 2% risk of failure)
Confirm with . or Enter, or press ? or * to list all spells.
Aiming: Vampiric Draining (quite dangerous; 7% risk of failure)
Press: ? - help, Shift-Dir - straight line, f/p - Eustachio
Aim: Eustachio, wielding a +0 falchion and wearing a +0 leather armour (lightly wounded)
You draw life force from Eustachio.
You feel life coursing into your body. Eustachio hits you but does no damage.
The iron imp closely misses you. The shadow imp barely misses you.
The crimson imp barely misses you.
Casting: Vampiric Draining (quite dangerous; 7% risk of failure)
Confirm with . or Enter, or press ? or * to list all spells.
Aiming: Necrotise (safe; 2% risk of failure)
Press: ? - help, Shift-Dir - straight line, f/p - Eustachio
Aim: Eustachio, wielding a +0 falchion and wearing a +0 leather armour (moderately wounded, chance to affect: 78%) Eustachio writhes in agony!
Eustachio barely misses you. The iron imp hits you!
You emit a cloud of foul miasma!
The shadow imp hits you.
* * * LOW HITPOINT WARNING * * *
The crimson imp hits you but does no damage.
Casting: Necrotise (safe; 2% risk of failure)
Confirm with . or Enter, or press ? or * to list all spells.
Aiming: Necrotise (safe; 2% risk of failure)
Press: ? - help, Shift-Dir - straight line, f/p - Eustachio
Aim: Eustachio, wielding a +0 falchion and wearing a +0 leather armour (heavily wounded, chance to affect: 78%) Eustachio writhes in agony.
Eustachio hits you with a +0 falchion!
You die...
Eustachio twirls his moustache.
Kikubaaqudgha rasps: "You have failed me!
Welcome... death!"

#...... #.#####
###########.#####
#................
#.########.###### #.#
#.# # ##.########.#
#######55.........######
......@@................
#######5.###############
#.... ..B...# ##...#.#
.###..# #. ..# #. ..#


You could see Eustachio, an iron imp (summoned), a crimson imp (summoned), a
shadow imp (summoned) and a giant cockroach.

Vanquished Creatures
  2 adders
  3 dart slugs
  8 orcs (D:3)
  5 ball pythons
  4 bats
  4 endoplasms
  4 giant cockroaches
  3 goblins
  7 hobgoblins
  4 quokkas
  7 kobolds
  6 rats
57 creatures vanquished.

Vanquished Creatures (collateral kills)
  An endoplasm (D:2)
  A goblin (D:4)
2 creatures vanquished.

Grand Total: 59 creatures vanquished

Notes
Turn   | Place    | Note
-------+----------+-------------------------------------------
     0 | D:1      | PaiMei the Demonspawn Necromancer began the quest for the
                  | Orb.
     0 | D:1      | Reached XP level 1. HP: 13/13 MP: 3/3
   389 | D:1      | Discovered your monstrous ancestry.
   389 | D:1      | Gained mutation: You have a small tail. [demonic ancestry]
   389 | D:1      | Reached XP level 2. HP: 14/19 MP: 0/5
  1382 | D:2      | Gained mutation: You may rarely emit foul miasma when
                  | damaged in melee. [demonic ancestry]
  1382 | D:2      | Reached XP level 3. HP: 25/25 MP: 2/6
  1386 | D:2      | Learned a level 3 spell: Vampiric Draining
  1925 | D:2      | Reached skill level 1 in Fighting
  2812 | D:3      | Gained mutation: You have large cloven feet. [demonic
                  | ancestry]
  2812 | D:3      | Reached XP level 4. HP: 24/32 MP: 2/7
  3162 | D:3      | Found a runed translucent door.
  3162 | D:3      | Noticed Urgle's ghost (amateur GnFi)
  3329 | D:3      | Found a shimmering blue altar of Sif Muna.
  3470 | D:4      | Noticed Eustachio
  3798 | D:4      | Found a staircase to the Ecumenical Temple.
  3805 | D:4      | Reached skill level 5 in Necromancy
  3811 | Temple   | Entered the Ecumenical Temple
  3821 | Temple   | Became a worshipper of Kikubaaqudgha
  3910 | D:4      | Slain by Eustachio

Illustrated notes

Levels and vault maps discovered:
D:1:      psy_arrival_conway, layout_rooms, amethyst_killhole
D:2:      minmay_wonky_spiral, layout_basic
D:3:      layout_basic, nicolae_sif_muna_little_library,
          hellmonk_ghost_happy_afterlife
D:4:      nicolae_cairo_tiling_large, layout_loops_ring, dk_yredelemnul_ordeal,
          minmay_temple_entry_junction, gammafunk_ghost_nasty_kobolds,
          uniq_eustachio
Temple:   nicolae_temple_two_arcs

Skill      XL: |  1  2  3  4 |
---------------+-------------+-----
Dodging        | 2 |  2.5
Stealth        | 2 |  2.0
Fighting       | 1 |  1.6
Necromancy     | 5 |  5.0
Spellcasting   | |  2.8

Action                     |  1- 3 |  4- 6 || total
---------------------------+-------+-------++-------
  Melee: Unarmed           |     3 |       ||     3
         Dagger            |     5 |       ||     5
         Tailslap          |     3 |     3 ||     6
         Whip              |     5 |    21 ||    26
         Mace              |     2 |       ||     2
         Kick              |       |     5 ||     5
   Cast: Necrotise         |    78 |    35 ||   113
         Vampiric Draining |       |     1 ||     1
 Armour: Robe              |    11 |    30 ||    41
  Dodge: Dodged            |    24 |    29 ||    53
